 Dungeon Crawl Stone Soup version 0.26-a0-958-gf3041fb45f (webtiles) character file.

Game seed: 11651942380665190950

3026 siradein the Carver (level 9, -3/105 HPs)
             Began as a Hill Orc Fighter on Dec 2, 2020.
             Was a Follower of Beogh.
             Slain by a troll (10 damage)
             ... on level 8 of the Dungeon.
             The game lasted 00:47:05 (10290 turns).

siradein the Carver (Hill Orc Fighter)             Turns: 10290, Time: 00:47:06

Health: -3/105     AC:  7    Str: 16 (19) XL:     9   Next: 85%
Magic:  9/9        EV:  8    Int:  8      God:    Beogh [*.....]
Gold:   534        SH: 11    Dex: 12 (13) Spells: 8/8 levels left

rFire    . . .     SeeInvis .   a - +0 long sword
rCold    . . .     Faith    .   c - +1 kite shield
rNeg     . . .     Spirit   .   g - +1 ring mail {MR+}
rPois    .         Reflect  .   (no helmet)
rElec    .         Harm     .   (no cloak)
rCorr    .         Rampage  .   l - +0 pair of gloves
MR       +....                  (no boots)
Stlth    ..........             (no amulet)
HPRegen  0.27/turn              (no ring)
MPRegen  0.11/turn              (no ring)

@: berserking, very quick
A: hooves 1, blink
a: Blink, Renounce Religion


You were on level 8 of the Dungeon.
You worshipped Beogh.
Beogh was aware of your devotion.
You visited 1 branch of the dungeon, and saw 9 of its levels.

You collected 534 gold pieces.

Inventory:

Hand Weapons
 a - a +0 long sword (weapon)
 h - the +0 hunting sling of Wutay {venom, *Slow Int+4 Dex+4}
   (You found it on level 6 of the Dungeon)

   It poisons the ammo it fires.
   It affects your intelligence (+4).
   It affects your dexterity (+4).
   It may slow you when you take damage.
Armour
 c - a +1 kite shield (worn)
 g - a +1 ring mail of magic resistance (worn)
 l - a +0 pair of gloves (worn)
Wands
 j - a wand of flame (20)
 v - a wand of iceblast (8)
Scrolls
 b - a scroll of amnesia {unknown}
 f - 2 scrolls of fear
 n - 5 scrolls of teleportation
 q - a scroll of blinking
 r - 8 scrolls of identify
 s - a scroll of remove curse
 t - 2 scrolls of magic mapping
Potions
 d - 2 potions of might
 e - 2 potions of curing
 i - 4 potions of mutation
 m - 2 potions of flight
 o - a potion of haste
 p - a potion of ambrosia
 u - a potion of lignification {unknown}


   Skills:
 - Level 3.6 Fighting
 + Level 12.4 Long Blades
 - Level 3.2 Armour
 + Level 8.2 Shields


You had 8 spell levels left.
You didn't know any spells.
Your spell library contained the following spells:

 Spells                   Type           Power        Failure   Level
 Magic Dart               Conj           #...         88%         1
 Summon Small Mammal      Summ           #...         88%         1
 Blink                    Tloc           N/A          96%         2
 Call Imp                 Summ           #.......     96%         2
 Slow                     Hex            #.......     96%         2
 Call Canine Familiar     Summ           #.......     99%         3
 Conjure Flame            Conj/Fire      #.......     99%         3
 Mephitic Cloud           Conj/Pois/Air  #.......     99%         3
 Summon Guardian Golem    Hex/Summ       #.......     99%         3
 Summon Ice Beast         Ice/Summ       #.......     100%        4
 Summon Lightning Spire   Summ/Air       #.......     100%        4


Dungeon Overview and Level Annotations

Branches:
Dungeon (9/15)             Temple (0/1) D:7
   Lair: D:8-11         Orc: D:9-12

Altars:
Elyvilon
Gozag
Qazlal
Sif Muna
Xom
Zin
The Shining One


Innate Abilities, Weirdness & Mutations

You have large cloven feet.
You can translocate small distances at will.


Message History

You climb upwards.
There is a stone staircase leading down here.
You see here 21 stones.
You feel better. The troll bites you but does no damage.
You block the troll's attack. The troll claws you!
* * * LOW HITPOINT WARNING * * *
You feel better.
A red film seems to cover your vision as you go berserk!
You feel yourself moving faster!
You feel mighty! The troll bites you!
* * * LOW HITPOINT WARNING * * *
You block the troll's attack. The troll claws you.
* * * LOW HITPOINT WARNING * * *
You hit the troll.
The troll is lightly wounded.
You barely miss the troll. Your kick misses the troll.
The troll is lightly wounded.
You block the troll's attack. The troll closely misses you.
The troll claws you!
You die...

###..###.# #.#
.#.....#.# #.#
.#.....#.#######.#
.#...............#
.#.....(.#########
.#.......# ##.......#
####.#..###############
#.#.........@T.....#
##.#..#############.#
#................##.#
#......#########.##.#
#......# #.##.#
#......# #.##.#
#......# #.##.#
#......# #.##.#
#......# #.##.#


You could see a troll.

Vanquished Creatures
  6 sky beasts
  2 orc warriors
  3 ice beasts
  A phantom (D:6)
  2 ogres
  4 centaurs
  3 bullfrogs
  A scorpion (D:4)
  2 bullfrog zombies
  2 hounds
  A jelly (D:7)
  2 bullfrog skeletons
  3 orc priests
  A centaur skeleton (D:5)
  14 orc wizards
  Terence (D:3)
  An iguana (D:3)
  5 worker ants
  A killer bee zombie (D:8)
  A hound zombie (D:6)
  A hound skeleton (D:4)
  11 adders
  2 shadow imps
  2 white imps (D:5)
  2 ufetubi
  5 oozes
  4 worms
  3 dart slugs
  4 leopard geckos
  24 orcs
  6 bats
  6 giant cockroaches
  9 goblins
  3 hobgoblins
  11 jackals
  5 kobolds
  2 quokkas
  A ball python (D:6)
  6 frilled lizards
  A leopard gecko skeleton (D:7)
  5 rats
169 creatures vanquished.

Notes
Turn   | Place    | Note
-------+----------+-------------------------------------------
     0 | D:1      | siradein the Hill Orc Fighter began the quest for the Orb.
     0 | D:1      | Reached XP level 1. HP: 19/19 MP: 1/1
   176 | D:1      | Reached skill level 3 in Long Blades
   176 | D:1      | Reached XP level 2. HP: 25/26 MP: 2/2
   360 | D:1      | Reached XP level 3. HP: 25/31 MP: 3/3
   710 | D:2      | Reached skill level 4 in Long Blades
  1195 | D:2      | Reached XP level 4. HP: 33/39 MP: 4/4
  2018 | D:3      | Reached skill level 5 in Long Blades
  2052 | D:3      | Reached XP level 5. HP: 35/45 MP: 5/5
  2464 | D:3      | Found an opulent altar of Gozag.
  2568 | D:3      | Noticed Terence
  2575 | D:3      | Killed Terence
  2576 | D:3      | Reached skill level 6 in Long Blades
  2721 | D:3      | Found a glowing golden altar of the Shining One.
  3065 | D:4      | Reached XP level 6. HP: 28/51 MP: 6/6
  3389 | D:4      | Found a shimmering blue altar of Sif Muna.
  3420 | D:4      | Reached skill level 7 in Long Blades
  3929 | D:4      | Found a white marble altar of Elyvilon.
  4222 | D:5      | Entered Level 5 of the Dungeon
  4426 | D:5      | Reached skill level 8 in Long Blades
  4426 | D:5      | Reached XP level 7. HP: 55/57 MP: 7/7
  4790 | D:5      | Reached skill level 9 in Long Blades
  5303 | D:5      | Reached XP level 8. HP: 64/64 MP: 8/8
  5503 | D:5      | Reached skill level 10 in Long Blades
  6468 | D:6      | Reached skill level 5 in Shields
  6611 | D:6      | Found a glowing silver altar of Zin.
  6676 | D:6      | Reached skill level 11 in Long Blades
  6711 | D:6      | Got a brightly glowing hunting sling
  6712 | D:6      | Identified the +0 hunting sling of Wutay {venom, *Slow
                  | Int+4 Dex+4} (You found it on level 6 of the Dungeon)
  6896 | D:6      | Reached XP level 9. HP: 70/70 MP: 9/9
  7145 | D:6      | Became a worshipper of Beogh the Brigand
  7596 | D:6      | Got a steaming hand axe
  7597 | D:6      | Identified the cursed +1 hand axe of Doom {vorpal, +Inv}
                  | (You found it on level 6 of the Dungeon)
  7639 | D:6      | Found a stormy altar of Qazlal.
  7964 | D:7      | Found a staircase to the Ecumenical Temple.
  8019 | D:7      | Found a stormy altar of Qazlal.
  8356 | D:7      | Reached * piety under Beogh
  8736 | D:7      | Reached skill level 12 in Long Blades
  9221 | D:7      | Gained mutation: You have large cloven feet. [potion of
                  | mutation]
  9221 | D:7      | Gained mutation: You can translocate small distances at
                  | will. [potion of mutation]
  9306 | D:8      | Found a shimmering altar of Xom.
  9307 | D:8      | Found a shimmering altar of Xom.
  9308 | D:8      | Found a shimmering altar of Xom.
  9308 | D:8      | Found a shimmering altar of Xom.
  9309 | D:8      | Found a shimmering altar of Xom.
 10226 | D:9      | Noticed a troll
 10290 | D:8      | Slain by a troll

Illustrated notes

Levels and vault maps discovered:
D:1:      scummos_arrival_hexagon, layout_basic, serial_glass, glass_columns_b,
          glass_columns_c, glass_columns_a, minmay_misc_feat_enclosed
D:2:      layout_loops_ring, serial_forest, infiniplex_forest_lined_2,
          infiniplex_forest_end_1, infiniplex_forest_zigzag_1,
          infiniplex_forest_pool, infiniplex_forest_end_1,
          infiniplex_forest_clump_tiny, infiniplex_forest_clump_small,
          infiniplex_forest_end_double, infiniplex_forest_clump_small,
          minmay_tetromino_s4
D:3:      cheibrodos_helix_gallery, layout_loops_ring, tso_altar,
          lemuel_doored_altar, uniq_terence
D:4:      layout_loops_ring, led_sif_pool, elyvilon_altar_1, minmay_cupped
D:5:      minmay_razor_zed, layout_cave_pods
D:6:      layout_loops_corners, kennysheep_mini_moat, minmay_misc_feat_alley,
          nicolae_qazlal_style_of_elements
D:7:      minmay_flawed_box, layout_rooms, general_overflow_altar,
          minmay_temple_entry_mini_moons
D:8:      layout_basic, xom_redecorated
D:9:      layout_long_grid, overflow_temple_1_default, kennysheep_mini,
          erik_lair_island

Skill      XL: |  1  2  3  4  5  6  7  8  9 |
---------------+----------------------------+-----
Long Blades    | 3 4 5 6 8 9 11 12 | 12.4
Shields        | 5 8 |  8.2
Fighting       | |  3.6
Armour         | |  3.2

Action                   |  1- 3 |  4- 6 |  7- 9 || total
-------------------------+-------+-------+-------++-------
Melee: Long sword        |    95 |   185 |   596 ||   876
       Kick              |       |       |    24 ||    24
Invok: Convert to Beogh  |       |       |     1 ||     1
  Use: Potion            |       |     2 |    12 ||    14
       Scroll            |       |       |    10 ||    10
Armor: Scale mail        |    32 |    55 |   200 ||   287
       Ring mail         |       |       |    14 ||    14
Dodge: Dodged            |    37 |    49 |   144 ||   230
Block: Kite shield       |    41 |    70 |   250 ||   361
       Rpst.: Long sword |    14 |    14 |    32 ||    60

Table legend: (Time is in decaauts)
 A = Elapsed time spent in this place.
 B = Non-inter-level travel time spent in this place.
 C = Inter-level travel time spent in this place.
 D = Time resting spent in this place.
 E = Time spent auto-exploring this place.
 F = Levels seen in this place.
 G = Mean time per level.
                   A        B        C        D        E       F      G
               +--------+--------+--------+--------+--------+-----+--------+
         Total |  10308 |  10105 |    203 |      0 |   8362 |   9 | 1145.3 |
       Dungeon |  10308 |  10105 |    203 |      0 |   8362 |   9 | 1145.3 |
               +--------+--------+--------+--------+--------+-----+--------+

Top non-repeatable levels by time:
     D:5: 2243 daAuts
     D:6: 1489 daAuts
     D:4: 1311 daAuts
     D:2: 1275 daAuts
     D:7: 1220 daAuts
     D:8: 1020 daAuts
     D:3: 974 daAuts
     D:1: 723 daAuts
     D:9: 51 daAuts
